 Dungeon Sprint DCSS version 0.20.0-15-g7f486f2 (webtiles) character file.

448 Snowbourne the Unseen (level 6, 0/44 HPs)
             Began as a Vampire Assassin on June 27, 2017.
             Was an Initiate of Nemelex Xobeh.
             Slain by Sonja
             ... wielding a +0 short sword of venom
              (9 damage)
             ... in the Dungeon (Sprint I: "Red Sonja").
             The game lasted 00:02:21 (2791 turns).

Snowbourne the Unseen (Vampire Assassin)            Turns: 2791, Time: 00:02:22

Health: 0/44       AC:  3    Str: 10    XL:     6   Next: 73%
Magic:  6/6        EV: 14    Int: 13    God:    Nemelex Xobeh [......]
Gold:   297        SH:  0    Dex: 18    Spells: 5/5 levels left

rFire    . . .     SeeInvis +   a - +2 dagger
rCold    + + .     Gourm    .   (no shield)
rNeg     + + +     Faith    .   c - +0 robe
rPois    ∞         Spirit   .   (no helmet)
rElec    .         Reflect  .   d - +0 cloak
rCorr    .         Harm     .   (no gloves)
MR       .....     NoTele   +   (no boots)
Stlth    +++++++++.             (no amulet)
Regen    0.0/turn               o - ring of stealth
MPRegen  0.1/turn               (no ring)

@: bloodless, non-regenerating
A: fangs 3, see invisible, unbreathing
a: Bat Form, Renounce Religion


You were in the Dungeon.
You worshipped Nemelex Xobeh.
Nemelex Xobeh was noncommittal.
You were bloodless.

You visited 1 branch You collected 297 gold pieces.

Inventory:

Hand Weapons
 a - a +2 dagger (weapon)
 b - a +0 blowgun
 n - a +2 dagger of venom
Missiles
 e - 8 poisoned needles
Armour
 c - a +0 robe (worn)
 d - a +0 cloak (worn)
Jewellery
 o - a ring of stealth (left hand)
Wands
 g - a wand of random effects (33/48)
Scrolls
 m - a scroll of blinking
Potions
 h - a potion of curing
 i - a potion of heal wounds
 j - a potion of haste
 k - 3 potions of magic
 l - a potion of berserk rage


   Skills:
 - Level 1.7 Fighting
 + Level 4.5 Short Blades
 - Level 1.5 Throwing
 + Level 4.0 Dodging
 * Level 19.5 Stealth
 + Level 0.0 Invocations


You had 5 spell levels left.
You didn't know any spells.

Dungeon Overview and Level Annotations

Branches:
Dungeon (1/1)

Altars:
Cheibriados
Dithmenos
Elyvilon
Fedhas
Gozag
Hepliaklqana
Kikubaaqudgha
Nemelex Xobeh
Okawaru
Qazlal
Ru
Sif Muna
Trog
Uskayaw
Vehumet
Yredelemnul
Zin
The Shining One

Shops:
D ?

Annotations:
D Sonja


Innate Abilities, Weirdness & Mutations

You do not heal naturally.
You are immune to poison.
You have razor-sharp teeth.
You have supernaturally acute eyesight. (SInv)
You can survive without breathing.


Message History

It stops dripping with poison.
Sonja wields an uncursed blowgun.
Sonja shoots a curare-tipped needle.
The curare-tipped needle closely misses you.
Sonja shoots a curare-tipped needle.
The curare-tipped needle hits you.
You see here a curare-tipped needle.
Sonja shouts, "Hah!
Missed me again!"
Sonja unwields an uncursed blowgun.
Sonja wields an uncursed short sword of venom.
It begins to drip with poison!
Sonja hits you with an uncursed short sword of venom!
* * * LOW HITPOINT WARNING * * *
Sonja closely misses you. Sonja barely misses you. Sonja misses you.
Sonja hits you with an uncursed short sword of venom.
* * * LOW HITPOINT WARNING * * *
Sonja closely misses you.
You barely miss Sonja.
Sonja is heavily wounded.
Sonja hits you with an uncursed short sword of venom!
You die...
Your body disappears without a glow.

################
#<.#.['..#.)'..#
#..'..#.)'..#..+
#..#####'#####'#
#..####..#...#.#
#..#__####..##K#
#..#_____##'#.@+
#⌠⌠#_.∩..†'.((_#
####_..__##_.#'#
#_____###(#.#
#########(###
+$.$+ #$.$#
##.## #+#


You could see Sonja.

Vanquished Creatures
  Sigmund (D)
  A yak (D)
  An ogre (D)
  A jelly (D)
  Ijyb (D)
5 creatures vanquished.

Vanquished Creatures (others)
  A gargoyle (D)
1 creature vanquished.

Grand Total: 6 creatures vanquished

Notes
Turn   | Place    | Note
-------+----------+-------------------------------------------
     0 | D        | Snowbourne the Vampire Assassin began the quest for the Orb.
     0 | D        | Reached XP level 1. HP: 16/16 MP: 1/1
   774 | D        | Killed a gargoyle
  2678 | D        | Noticed Ijyb
  2680 | D        | Killed Ijyb
  2680 | D        | Reached skill level 10 in Stealth
  2680 | D        | Reached XP level 2. HP: 22/22 MP: 2/2
  2687 | D        | Noticed an ogre
  2689 | D        | Killed an ogre
  2689 | D        | Reached skill level 14 in Stealth
  2689 | D        | Reached XP level 3. HP: 27/27 MP: 3/3
  2689 | D        | Reached XP level 4. HP: 33/33 MP: 4/4
  2701 | D        | Noticed Sigmund
  2703 | D        | Killed Sigmund
  2703 | D        | Reached skill level 18 in Stealth
  2703 | D        | Reached XP level 5. HP: 38/38 MP: 5/5
  2703 | D        | Reached XP level 6. HP: 44/44 MP: 6/6
  2715 | D        | Found a deep blue altar of Sif Muna.
  2717 | D        | Found a radiant altar of Vehumet.
  2742 | D        | Found Xaitt's Magic Scroll Emporium.
  2742 | D        | Found an ancient bone altar of Kikubaaqudgha.
  2742 | D        | Found a hazy altar of Hepliaklqana.
  2742 | D        | Found a hide-covered altar of Uskayaw.
  2742 | D        | Found a basalt altar of Yredelemnul.
  2742 | D        | Found an opulent altar of Gozag.
  2742 | D        | Found a snail-covered altar of Cheibriados.
  2742 | D        | Found a sacrificial altar of Ru.
  2742 | D        | Found a shadowy altar of Dithmenos.
  2742 | D        | Noticed a yak
  2743 | D        | Found a stormy altar of Qazlal.
  2743 | D        | Found a blossoming altar of Fedhas.
  2743 | D        | Found a bloodstained altar of Trog.
  2743 | D        | Found an iron altar of Okawaru.
  2743 | D        | Found a glowing golden altar of the Shining One.
  2743 | D        | Found a glowing silver altar of Zin.
  2743 | D        | Found a white marble altar of Elyvilon.
  2744 | D        | Killed a yak
  2744 | D        | Reached skill level 19 in Stealth
  2745 | D        | Found a sparkling altar of Nemelex Xobeh.
  2753 | D        | Became a worshipper of Nemelex Xobeh the Trickster
  2771 | D        | Noticed Sonja
  2791 | D        | Slain by Sonja

Skill      XL: |  1  2  3  4  5  6 |
---------------+-------------------+-----
Stealth        | 10 14 18 19 | 19.5
Dodging        | 4 |  4.0
Short Blades   | 4 |  4.5
Fighting       | |  1.7
Throwing       | |  1.5

Action                   |  1- 3 |  4- 6 || total
-------------------------+-------+-------++-------
Melee: Dagger            |     2 |    10 ||    12
       Bite              |       |     2 ||     2
 Fire: Blowgun           |       |     2 ||     2
 Stab: Sleeping          |     2 |     3 ||     5
Armor: Robe              |       |     3 ||     3
Dodge: Dodged            |       |    20 ||    20
